Map: 2000 Atmospheres LE

Players

TheZergLord

  • Race: Zerg Zerg

SpeCial - Winner!

  • Race: Terran Terran
  • League: Master

Event: DreamHack SC2 Masters 2021 Summer

VOD

Have the link to the VOD?

Description

Time

  • Played on: May 19, 2021, 3:19 p.m.
  • Length: 8:58

All games in this series

Show
View Real Time Build Order
Export as new Build Order

TheZergLord Zerg 

Build Orders: Hatch First 

Get SALT Encoding   

  12  0:00  Drone  
  13  0:12  Overlord  
  13  0:17  Drone  
  14  0:30  Drone  
  14  0:31  Drone  
  16  0:47  Hatchery  
  15  0:51  Drone  
  15  0:54  Drone  
  17  0:57  Drone  
  18  1:08  Extractor  
  17  1:13  Spawning Pool  
  17  1:16  Drone  
  17  1:19  Drone  
  18  1:28  Drone  
  19  1:41  Drone  
  20  1:50  Overlord  
  20  2:00  Queen x2  
  20  2:01  Zergling x4  
  26  2:10  Drone  
  26  2:11  Drone  
  28  2:22  Hatchery  
  27  2:25  Drone  
  27  2:29  Drone  
  29  2:34  Spore Crawler  
  28  2:38  Drone  
  28  2:42  Drone, Metabolic Boost  
  31  2:46  Queen  
  33  2:51  Overlord  
  33  2:54  Drone  
  33  2:56  Drone  
  35  3:01  Drone  
  36  3:13  Drone x2, Overlord  
  36  3:15  Drone  
  36  3:16  Drone x2  
  41  3:24  Queen, Zergling x2  
  44  3:34  Zergling x2  
  45  3:35  Queen, Zergling x2  
  45  3:36  Overlord  
  45  3:37  Drone  
  49  3:44  Drone x2  
  49  3:45  Drone x3  
  54  3:52  Overlord  
  54  3:54  Overlord  
  54  3:56  Drone x3  
  54  4:02  Spore Crawler  
  55  4:15  Drone x5, Queen  
  60  4:18  Drone x3  
  60  4:23  Drone x2  
  64  4:27  Overlord  
  64  4:29  Drone  
  64  4:30  Zergling x2  
  65  4:42  Zergling x6  
  65  4:44  Lair  
  68  4:46  Extractor  
  68  4:47  Extractor  
  68  4:49  Baneling Nest  
  65  4:53  Spore Crawler x2  
  65  4:56  Queen, Spore Crawler  
  64  5:02  Zergling x8  
  64  5:03  Zergling x10  
  73  5:11  Drone x3  
  74  5:25  Drone x6  
  74  5:26  Drone x3  
  76  5:29  Drone x2  
  76  5:32  Drone x2  
  79  5:41  Drone x2  
  81  5:43  Centrifical Hooks  
  81  5:47  Evolution Chamber x2  
  78  5:53  Overseer  
  75  5:58  Drone x5  
  75  6:01  Extractor, Hatchery  
  75  6:03  Overlord x4  
  78  6:13  Zerg Ground Armor Level 1  
  78  6:14  Drone x2  
  78  6:15  Zergling x2  
  78  6:17  Overlord x5  
  81  6:23  Drone  
  81  6:25  Drone  
  83  6:29  Drone  
  83  6:32  Drone x2, Zerg Melee Weapons Level 1  
  86  6:33  Drone  
  86  6:35  Drone  
  86  6:36  Drone, Infestation Pit  
  86  6:37  Zergling x2  
  89  6:42  Baneling x2  
  89  6:43  Baneling x4  
  89  6:44  Zergling x2  
  91  6:47  Zergling x2  
  91  6:53  Zergling x14  
  97  7:03  Zergling x6  
  97  7:04  Zergling x6  
  97  7:06  Baneling x3  
  103  7:14  Queen  
  106  7:15  Zergling x4  
  106  7:16  Zergling x4  
  106  7:19  Hive  
  109  7:26  Baneling x3  
  109  7:28  Zergling x8  
  110  7:39  Zergling x8  
  110  7:40  Zergling x12  
  113  7:46  Drone x4  
  117  7:53  Drone x3  
  117  7:54  Drone x3  
  117  7:57  Hatchery  
  119  8:03  Zergling x6  
  119  8:08  Hatchery  
  111  8:13  Zergling x8  
  111  8:15  Baneling  
  111  8:16  Baneling x12  
  116  8:20  Zergling x8  
  116  8:26  Zergling x10  
  123  8:27  Zergling x8  
Show
View Real Time Build Order
Export as new Build Order

SpeCial Terran - Winner!

Build Orders: Reaper Expand, Hellion Banshee 

Get SALT Encoding   

  12  0:00  SCV  
  13  0:12  SCV  
  14  0:17  Supply Depot  
  14  0:24  SCV  
  15  0:39  SCV  
  15  0:41  Barracks  
  16  0:43  Refinery  
  16  0:51  SCV  
  17  1:03  SCV  
  18  1:15  SCV  
  19  1:29  Reaper, Orbital Command  
  20  1:39  Command Center  
  20  1:49  Supply Depot  
  20  1:55  SCV  
  20  2:01  Marine  
  22  2:07  SCV  
  23  2:09  Factory  
  23  2:12  Refinery  
  23  2:19  SCV  
  24  2:23  Barracks Reactor  
  24  2:31  SCV  
  25  2:43  SCV  
  26  2:52  Orbital Command  
  26  2:55  SCV  
  26  2:56  Starport  
  27  3:07  Hellion  
  27  3:08  Hellion  
  27  3:09  Barracks Tech Lab, SCV  
  32  3:15  Supply Depot  
  33  3:20  SCV  
  33  3:21  SCV  
  34  3:29  Hellion x2  
  34  3:32  SCV  
  39  3:34  SCV  
  39  3:36  Marine  
  41  3:42  Banshee, Cloaking Field  
  41  3:44  SCV  
  41  3:46  Supply Depot  
  41  3:47  SCV  
  46  3:54  Hellion x2  
  50  3:56  SCV, Barracks Tech Lab  
  50  3:59  SCV  
  52  4:08  SCV  
  53  4:11  SCV  
  53  4:15  Hellion  
  53  4:16  Hellion  
  54  4:19  Stimpack  
  54  4:20  SCV  
  54  4:23  SCV  
  56  4:28  Banshee  
  59  4:34  SCV  
  59  4:35  SCV, Command Center  
  59  4:38  Marine  
  62  4:47  Factory Reactor  
  62  4:49  Supply Depot  
  62  4:52  Barracks  
  62  5:01  Barracks  
  62  5:11  SCV x2, Marine, Supply Depot  
  65  5:14  Engineering Bay x2  
  65  5:23  SCV x2  
  54  5:29  Marine  
  54  5:35  SCV x2  
  54  5:37  Refinery  
  54  5:39  Refinery  
  54  5:40  Starport Reactor  
  54  5:41  Terran Infantry Armor Level 1, Terran Infantry Weapons Level 1  
  54  5:43  Marine x2  
  54  5:46  Marine, Siege Tank  
  54  5:47  Orbital Command, SCV x2  
  62  5:52  Supply Depot  
  62  5:59  SCV x2, Barracks  
  64  6:05  Barracks, Marine x5, Combat Shield  
  64  6:10  Orbital Command  
  69  6:12  SCV x2  
  71  6:19  Medivac x2  
  71  6:20  Supply Depot  
  71  6:23  Marine x5  
  71  6:24  SCV x2  
  82  6:30  Siege Tank  
  85  6:36  SCV x2  
  85  6:37  SCV  
  88  6:40  Marine, Supply Depot  
  88  6:41  Marine  
  88  6:44  Refinery  
  88  6:46  Barracks Reactor, Marine x2  
  92  6:48  SCV x2  
  92  6:50  Supply Depot  
  92  6:54  SCV  
  95  6:55  Barracks Reactor  
  95  6:56  Marine  
  95  6:58  Marine x2  
  95  7:00  SCV  
  99  7:01  Medivac x2  
  99  7:04  Marine x2  
  99  7:05  SCV, Supply Depot  
  99  7:06  SCV  
  99  7:08  Siege Tank  
  110  7:09  Supply Depot  
  110  7:12  SCV  
  110  7:13  Marine  
  112  7:16  Marine x2  
  112  7:17  SCV  
  112  7:18  Command Center  
  112  7:22  Marine x2  
  117  7:26  Marine x2  
  119  7:30  SCV x2  
  119  7:31  Marine  
  119  7:34  Marine x3  
  119  7:35  Armory, Marine  
  126  7:37  Supply Depot  
  126  7:39  Marine x2  
  115  7:44  Marine x2  
  115  7:48  Siege Tank  
  115  7:49  Marine  
  115  7:51  SCV x3  
  124  7:52  Factory, Marine x3  
  124  7:53  Refinery  
  124  7:55  Marine  
  124  7:57  Marine  
  129  8:03  Marine x2  
  129  8:04  Medivac x2  
  134  8:06  Marine  
  134  8:08  Marine  
  134  8:10  Marine x2  
  134  8:12  Marine  
  137  8:13  Marine  
  137  8:14  SCV x2  
  137  8:15  Marine  
  141  8:21  Marine x2  
  141  8:22  Siege Tank  
  141  8:24  Marine  
  141  8:26  Marine  
  145  8:28  Marine x2  
  145  8:30  Supply Depot  
  145  8:31  Supply Depot  
  135  8:47  Factory Tech Lab  
Tags
 
Add a new tag
Caveats
  • Supply blocks, unpowered buildings, or Contaminate may cause inaccurate times.
  • Supply counts are checked every 10 seconds.